Map: Eternal Empire LE

Players

RuFF

  • Race: Terran Terran
  • League: Master
  • Spawn Location: 7:00

TAUREN - Winner!

  • Race: Terran Terran
  • League: Master
  • Spawn Location: 1:00

VOD

Have the link to the VOD?

Description

Time

  • Played on: Dec. 15, 2019, 1:08 p.m.
  • Length: 11:23
Show
View Real Time Build Order
Export as new Build Order

RuFF Terran 

Build Orders:  

Get SALT Encoding   

  12  0:01  SCV  
  13  0:13  SCV  
  14  0:21  Supply Depot  
  14  0:26  SCV  
  15  0:37  Refinery  
  15  0:43  SCV  
  16  0:51  Barracks  
  16  1:04  Barracks  
  16  1:08  SCV  
  17  1:21  SCV  
  18  1:40  Marine  
  18  1:43  Bunker  
  18  1:46  Factory  
  19  1:51  Orbital Command  
  19  1:56  Marine  
  19  1:59  Marine  
  21  2:10  Supply Depot  
  21  2:14  Marine  
  22  2:23  Supply Depot  
  22  2:26  Marine  
  23  2:33  Hellion  
  25  2:44  Starport  
  25  2:47  Marine  
  25  2:48  Marine  
  27  2:52  SCV  
  28  2:59  Factory Tech Lab  
  28  3:40  Marine  
  28  3:41  Marine  
  28  3:43  Factory Reactor  
  28  3:56  Banshee  
  28  3:58  Marine x2  
  32  4:15  SCV  
  32  4:16  Marine x2  
  30  4:35  Hellion  
  34  4:50  Starport Tech Lab  
  31  4:54  Barracks Reactor x2  
  31  4:56  Hellion  
  31  4:57  Refinery  
  29  5:02  Engineering Bay  
  29  5:03  Medivac  
  29  5:06  Command Center  
  31  5:07  SCV  
  24  5:36  Starport Tech Lab  
  19  6:09  Reaper  
  19  6:10  Reaper x3  
  20  6:12  Hellion  
  20  6:17  SCV  
  23  6:19  Orbital Command  
  23  6:26  Refinery  
  23  6:28  Refinery  
  23  6:29  SCV  
  24  6:39  Terran Infantry Weapons Level 1  
  26  6:41  SCV  
  26  6:43  Reaper  
  26  6:48  Reaper  
  27  6:56  Reaper  
  27  6:59  SCV x2  
  30  7:04  Reaper  
  31  7:11  SCV x2  
  33  7:17  Reaper  
  33  7:20  Reaper  
  35  7:23  SCV  
  35  7:24  SCV  
  35  7:28  Reaper  
  35  7:29  Supply Depot  
  38  7:35  SCV  
  38  7:36  SCV, Reaper  
  40  7:48  SCV  
  40  7:49  Reaper  
  37  7:51  Marine  
  35  8:00  Marine  
  31  8:08  Marine  
  31  8:10  Reaper  
  27  8:18  Reaper  
  26  8:21  Reaper  
  26  8:26  Reaper  
  26  8:42  Reaper  
  26  8:47  SCV x2  
  27  8:50  Reaper  
  27  8:53  Reaper  
  29  8:58  Reaper  
  29  8:59  SCV  
  29  9:00  SCV  
  32  9:11  SCV  
  32  9:12  SCV  
  32  9:14  Reaper  
  35  9:22  Reaper  
  35  9:23  SCV  
  37  9:24  SCV  
  37  9:25  Reaper  
  37  9:30  Reaper  
  39  9:35  SCV  
  40  9:46  Reaper  
  32  9:58  Reaper x2  
  20  10:02  SCV  
  20  10:03  Reaper  
  20  10:18  Reaper  
  19  10:30  Reaper x2  
  20  10:39  Marine  
  19  10:50  Marine  
Show
View Real Time Build Order
Export as new Build Order

TAUREN Terran - Winner!

Build Orders:  

Get SALT Encoding   

  12  0:00  SCV  
  13  0:18  SCV, Supply Depot  
  14  0:30  SCV  
  15  0:47  Barracks  
  15  0:53  Barracks  
  15  0:58  SCV  
  16  1:05  Refinery  
  16  1:10  SCV  
  17  1:22  SCV  
  17  1:25  Supply Depot  
  18  1:33  Marine  
  18  1:34  SCV  
  20  1:40  Bunker  
  20  1:42  Marine  
  21  1:48  SCV  
  21  1:51  Marine  
  23  2:00  SCV  
  24  2:04  Marine  
  25  2:10  Marine  
  25  2:13  SCV  
  27  2:18  Factory  
  27  2:22  Marine  
  28  2:25  SCV  
  28  2:28  Marine  
  30  2:33  Refinery  
  30  2:42  Marine  
  31  2:49  Orbital Command  
  31  2:52  Supply Depot  
  30  3:14  Hellion  
  31  3:23  SCV  
  28  3:35  SCV  
  28  3:37  Factory Tech Lab  
  29  3:56  Cyclone  
  29  4:00  Supply Depot  
  32  4:05  SCV  
  33  4:17  SCV  
  34  4:25  Supply Depot  
  34  4:30  SCV  
  34  4:31  Cyclone, Marine x2  
  36  4:42  SCV  
  37  4:54  SCV  
  37  4:56  Marine x2  
  40  5:04  Cyclone  
  40  5:06  SCV  
  44  5:10  Starport  
  44  5:13  Marine  
  44  5:14  Marine  
  46  5:18  SCV  
  34  5:30  SCV  
  34  5:35  Marine x2  
  35  5:38  Cyclone  
  35  5:42  SCV  
  34  5:53  Marine  
  34  5:55  Marine  
  34  5:57  SCV  
  32  6:01  Liberator  
  29  6:10  Marine  
  31  6:20  Marine  
  31  6:21  SCV  
  34  6:28  Marine  
  35  6:33  SCV  
  35  6:38  Marine  
  37  6:41  Siege Tank  
  37  6:45  SCV  
  37  6:46  Marine  
  42  6:56  Marine  
  42  6:57  SCV  
  44  7:04  Marine  
  45  7:09  SCV  
  45  7:14  Marine  
  47  7:22  SCV, Marine  
  49  7:26  Command Center  
  49  7:34  Cyclone  
  52  7:40  SCV  
  50  7:52  SCV  
  47  8:04  SCV  
  44  8:07  Liberator  
  40  8:16  SCV  
  40  8:20  Marine x2  
  40  8:22  Siege Tank  
  48  8:28  SCV  
  48  8:37  Marine  
  48  8:38  Marine  
  48  8:40  SCV, Orbital Command  
  41  8:52  SCV  
  42  8:55  Marine  
  42  8:56  Marine  
  42  9:00  Siege Tank  
  47  9:05  SCV  
  47  9:07  SCV  
  49  9:11  Starport Reactor  
  49  9:13  Marine x2  
  52  9:17  SCV, Fusion Core  
  52  9:22  Refinery  
  52  9:24  Refinery  
  52  9:31  Marine x2  
  52  9:33  Siege Tank  
  52  9:38  Starport Reactor  
  57  9:39  Starport Tech Lab  
  57  9:42  Starport  
  57  9:47  SCV  
  57  9:49  Marine x2  
  51  10:07  Marine x2, Battlecruiser  
  51  10:12  SCV  
  51  10:13  Supply Depot  
  60  10:20  SCV  
  61  10:23  Supply Depot  
  61  10:24  Marine  
  61  10:28  Marine  
  58  10:36  SCV x2  
  58  10:40  Siege Tank  
  58  10:42  Marine, Starport Tech Lab  
  61  10:45  Marine  
  60  10:54  SCV x2  
  52  11:00  Marine  
  52  11:03  Marine  
  51  11:08  SCV  
Tags
 
Add a new tag
Caveats
  • Supply blocks, unpowered buildings, or Contaminate may cause inaccurate times.
  • Supply counts are checked every 10 seconds.